 Dungeon Crawl Stone Soup version 0.25-a0-353-ged6d54792d (webtiles) character file.

Game seed: 6969735290216128122, levelgen mode: classic

102 Borgoz the Chopper (level 4, 0/38 HPs)
             Began as a Minotaur Gladiator on Jan 3, 2020.
             Slain by Robin
             ... wielding a +4 club
              (7 damage)
             ... on level 3 of the Dungeon.
             The game lasted 00:01:16 (1703 turns).

Borgoz the Chopper (Minotaur Gladiator)             Turns: 1703, Time: 00:01:16

Health: 0/38       AC:  3    Str: 19    XL:     4   Next: 49%
Magic:  3/3        EV: 13    Int:  5    God:
Gold:   110        SH:  0    Dex: 12    Spells: 3/3 levels left

rFire    . . .     SeeInvis .   a - +0 war axe
rCold    . . .     Gourm    .   (no shield)
rNeg     . . .     Faith    .   b - +0 leather armour
rPois    .         Spirit   .   c - +0 hat
rElec    .         Reflect  .   (no cloak)
rCorr    .         Harm     .   (no gloves)
MR       .....                  (no boots)
Stlth    +.........             (no amulet)
HPRegen  0.12/turn              (no ring)
MPRegen  0.08/turn              (no ring)

@: no status effects
A: retaliatory headbutt, horns 2
a: no special abilities


You were on level 3 of the Dungeon.
You were hungry.

You visited 1 branch of the dungeon, and saw 3 of its levels.

You collected 110 gold pieces.

Inventory:

Hand Weapons
 a - a +0 war axe (weapon)
Missiles
 d - 3 throwing nets (quivered)
Armour
 b - a +0 leather armour (worn)
 c - a +0 hat (worn)
Scrolls
 e - a scroll of magic mapping {unknown}
 g - 3 scrolls of identify {unknown}
 h - a scroll of remove curse {unknown}
 i - 2 scrolls of blinking {unknown}
 l - a scroll of amnesia {unknown}
 q - a scroll of teleportation {unknown}
Potions
 j - a potion of cancellation {unknown}
 k - a potion of lignification {unknown}
 m - 2 potions of curing {unknown}
 n - a potion of agility {unknown}
 o - a potion of degeneration {unknown}
 p - a potion of heal wounds {unknown}
Comestibles
 f - 4 rations
 r - a chunk of flesh


   Skills:
 + Level 3.5 Fighting
 + Level 4.5 Axes
 - Level 2.0 Throwing
 + Level 2.1 Armour
 + Level 4.1 Dodging


You had 3 spell levels left.
You didn't know any spells.
Your spell library was empty.

Dungeon Overview and Level Annotations

Branches:
Dungeon (3/15)

Altars:
Fedhas

Annotations:
D:3 Robin


Innate Abilities, Weirdness & Mutations

You reflexively headbutt those who attack you in melee.
You have a pair of horns on your head.


Message History

The bat closely misses you. You furiously retaliate!
You headbutt the bat.
You kill the bat!
You hear a zap.
A puff of flame appears from out of thin air!
The puff of flame hits you.
Items here: ))) ††† No target in view!
No target in view!
No target in view!
No target in view!
Something hits you but does no damage.
You hit something.
You hear a zap.
A puff of flame appears from out of thin air!
The puff of flame hits you!
You barely miss something. Something hits you.
You barely miss something. Something hits you!
* * * LOW HITPOINT WARNING * * *
Something hits you!
You die...

#.#..#. #.##.#. #.##.#.
#.##..# # #...... #.
#####.# .. ####### #^.
##.#.########.....####.
#....{@))).$...........
......########.....####.
..##. ####### ## # #
..#### ....... ...####


There were no monsters in sight!

Vanquished Creatures
  3 adders
  2 dart slugs
  5 leopard geckos
  2 ball pythons (D:1)
  9 bats
  5 giant cockroaches
  14 goblins
  9 hobgoblins
  6 frilled lizards (D:1)
  4 rats
59 creatures vanquished.

Notes
Turn   | Place    | Note
-------+----------+-------------------------------------------
     0 | D:1      | Borgoz the Minotaur Gladiator began the quest for the Orb.
     0 | D:1      | Reached XP level 1. HP: 18/18 MP: 0/0
   166 | D:1      | Reached XP level 2. HP: 25/25 MP: 1/1
   204 | D:1      | Reached skill level 1 in Armour
   535 | D:1      | Reached XP level 3. HP: 30/31 MP: 2/2
  1123 | D:3      | Found a blossoming altar of Fedhas.
  1220 | D:3      | Reached XP level 4. HP: 30/38 MP: 3/3
  1684 | D:3      | Noticed Robin
  1703 | D:3      | Slain by Robin

Levels and vault maps discovered:
D:1:      wander_arrival_fairy_ring, layout_basic
D:2:      layout_loops_ring
D:3:      layout_basic, lemuel_round_altar, marbit_many_paths,
          lemuel_flame_loot_1, uniq_robin

Skill      XL: |  1  2  3  4 |
---------------+-------------+-----
Armour         | 1 2 |  2.1
Fighting       | 3 |  3.5
Axes           | 4 |  4.5
Dodging        | 4 |  4.1
Throwing       | |  2.0

Action                   |  1- 3 |  4- 6 || total
-------------------------+-------+-------++-------
Melee: War axe           |    69 |    28 ||    97
       Headbutt          |     9 |     2 ||    11
  Eat: Chunk             |     1 |     1 ||     2
Armor: Leather armour    |    22 |     7 ||    29
Dodge: Dodged            |    68 |    19 ||    87

Table legend:
 A = Non-vault XP
 B = Vault XP
 C = Vault XP percentage of total XP
 D = Non-vault monster count
 E = Vault monster count
 F = Vault count percentage of total count
                 A         B        C        D         E       F
            +---------+---------+-------+---------+---------+-------
      Total |     127 |      19 |  13.0 |      49 |      10 |  16.9
            +---------+---------+-------+---------+---------+-------
        D:1 |      43 |       0 |   0.0 |      24 |       0 |   0.0
        D:2 |      46 |       0 |   0.0 |      17 |       0 |   0.0
        D:3 |      38 |      19 |  33.3 |       8 |      10 |  55.6
            +---------+---------+-------+---------+---------+-------
